 Dungeon Crawl Stone Soup version 0.25-a0-447-gff83419037 (webtiles) character file.

Game seed: 9106739729742071280, levelgen mode: deterministic

1601 Erk the Covert (level 8, -4/50 HPs)
             Began as an Octopode Assassin on Jan 21, 2020.
             Was a Believer of Ashenzari.
             Slain by an ice beast (12 damage)
             ... on level 6 of the Dungeon on Jan 31, 2020.
             The game lasted 00:35:49 (6855 turns).

Erk the Covert (Octopode Assassin)                  Turns: 6855, Time: 00:35:50

Health: -4/50      AC:  1    Str: 10    XL:     8   Next: 94%
Magic:  8/8        EV:  8    Int: 14    God:    Ashenzari [**....]
Gold:   350        SH: 12    Dex: 15    Spells: 7/7 levels left

rFire    . . .     SeeInvis .   b - +4 dagger (speed) (curse)
rCold    . . .     Gourm    .   A - +0 large shield (curse)
rNeg     . . .     Faith    .   (helmet restricted)
rPois    .         Spirit   .   (no amulet)
rElec    .         Reflect  .   (no ring)
rCorr    .         Harm     .   (no ring)
MR       .....                  (no ring)
Stlth    ++++++....             (no ring)
HPRegen  0.16/turn              (no ring)
MPRegen  0.11/turn              (no ring)
                                (no ring)
                                (no ring)

@: no status effects
A: almost no armour, stealthy swim, amphibious, 8 rings, constrict 8, camouflage
1, gelatinous body 1
a: Curse Item, Scrying, Renounce Religion


You were on level 6 of the Dungeon.
You worshipped Ashenzari.
Ashenzari was pleased with you.
You were not hungry.

You visited 1 branch of the dungeon, and saw 7 of its levels.

You collected 350 gold pieces.

Inventory:

Hand Weapons
 a - a +3 dagger of venom
 b - a cursed +4 dagger of speed (weapon)
 m - a +1 vorpal hand axe
 r - a +4 quarterstaff of chaos
 y - a +2 halberd of freezing
 B - a +1 vampiric dagger
Missiles
 c - 2 curare-tipped darts
 n - 27 poisoned darts (quivered)
 x - 7 boomerangs
Armour
 A - a cursed +0 large shield (worn)
Wands
 l - a wand of iceblast (14)
Scrolls
 f - 2 scrolls of immolation {unknown}
 h - a scroll of blinking {unknown}
 j - a scroll of random uselessness {unknown}
 o - 2 scrolls of teleportation {unknown}
 q - a scroll of noise {unknown}
 s - 2 scrolls of enchant armour {unknown}
 u - 2 scrolls of fear {unknown}
 v - 3 scrolls of enchant weapon
 w - 2 scrolls of magic mapping
Potions
 e - a potion of curing
 g - 3 potions of invisibility
 i - 2 potions of might
 k - a potion of haste
 p - 2 potions of berserk rage
 t - 2 potions of agility
 z - a potion of magic
Comestibles
 d - 6 rations


   Skills:
 - Level 2.0 Fighting
 - Level 2.0(3.7) Short Blades
 + Level 5.9 Throwing
 - Level 1.0 Dodging
 * Level 13.3 Stealth
 + Level 2.2(3.4) Shields


You had 7 spell levels left.
You didn't know any spells.
Your spell library contained the following spells:

 Spells                   Type           Power        Failure   Level  Hunger
 Animate Skeleton         Necr           N/A          99%         1    ##.....
 Apportation              Tloc           #.....       99%         1    ##.....
 Corona                   Hex            #......      99%         1    ##.....
 Summon Small Mammal      Summ           #...         99%         1    ##.....


Dungeon Overview and Level Annotations

Branches:
Dungeon (7/15)             Temple (0/1) D:4

Altars:
Ashenzari
Dithmenos
Elyvilon
Hepliaklqana
Kikubaaqudgha
Sif Muna
Vehumet
Wu Jian

Annotations:
D:3 3 runed translucent doors, Alfie's ghost, amateur HuHu; PeterQ's ghost, amateur VSMo; anet's ghost, amateur DEWz


Innate Abilities, Weirdness & Mutations

You cannot wear most types of armour.
You are very stealthy in the water. (Stealth+)
You are amphibious.
You can wear up to eight rings at the same time.
You can use your tentacles to constrict eight enemies at once.
Your skin changes colour to match your surroundings (Stealth+).
Your rubbery body absorbs attacks. (AC +1, EV +1)


Message History

The ice beast is heavily wounded.
Things that are here:
a cursed -2 flail; a +0 leather armour
Things that are here:
a +0 club; a cursed +0 leather armour; an orc skeleton
Things that are here:
a +0 dagger; a +0 robe
There is a stone staircase leading up here.
The ice beast hits you.
* * * LOW HITPOINT WARNING * * *
The ice beast freezes you!
* * * LOW HITPOINT WARNING * * *
You climb upwards.
There is a stone staircase leading down here.
You block the ice beast's attack.
There is a stone staircase leading up here.
The ice beast hits you.
* * * LOW HITPOINT WARNING * * *
The ice beast freezes you!
You die...

#######.###.......# #.#
#...........#####.# #.#
#.#####.#########.######.#
#.#####.........#........#
#.........)####.##########
####..............#
..##..............#
#.##..............#
#.##...........Y@.#
#.##...(..........#
#.##..............#
#.########.#.###### #.#
#.#.# #.########.#.#
.............#
.............#
.............#


You could see an ice beast.

Vanquished Creatures
  Grinder (D:4)
  Menkaure (D:7)
  A sky beast (D:5)
  An ice beast (D:6)
  3 ogres
  A bullfrog (D:7)
  2 scorpions (D:5)
  A howler monkey (D:5)
  A bullfrog zombie (D:5)
  A crimson imp (D:6)
  A jelly (D:5)
  Crazy Yiuf (D:3)
  A gnoll shaman (D:5)
  3 orc priests (D:3)
  A hound (D:4)
  2 orc wizards (D:7)
  2 iguanas
  A hound skeleton (D:5)
  A howler monkey zombie (D:5)
  A howler monkey skeleton (D:5)
  5 adders
  9 gnolls
  A shadow imp (D:7)
  An ooze (D:1)
  A worm (D:4)
  An adder skeleton (D:6)
  3 dart slugs
  A leopard gecko (D:3)
  10 orcs
  A ball python (D:2)
  A bat zombie (D:2)
  4 giant cockroaches
  8 goblins
  3 hobgoblins
  6 jackals
  7 kobolds
  2 quokkas
  12 bats
  7 frilled lizards
  A jackal zombie (D:5)
  A quokka zombie (D:5)
  9 rats
  A rat zombie (D:2)
122 creatures vanquished.

Notes
Turn   | Place    | Note
-------+----------+-------------------------------------------
     0 | D:1      | Erk the Octopode Assassin began the quest for the Orb.
     0 | D:1      | Reached XP level 1. HP: 14/14 MP: 1/1
   198 | D:1      | Reached XP level 2. HP: 14/19 MP: 2/2
   225 | D:1      | Reached skill level 6 in Stealth
   460 | D:1      | Reached XP level 3. HP: 11/24 MP: 3/3
   802 | D:1      | Reached skill level 7 in Stealth
  1061 | D:2      | Found a faded altar of an unknown god.
  1186 | D:3      | Reached skill level 8 in Stealth
  1186 | D:3      | Reached XP level 4. HP: 29/29 MP: 4/4
  1351 | D:3      | Found a runed translucent gate.
  1351 | D:3      | Found a runed translucent gate.
  1352 | D:3      | Found a runed translucent gate.
  1352 | D:3      | Noticed anet's ghost (amateur DEWz)
  1352 | D:3      | Noticed PeterQ's ghost (amateur VSMo)
  1353 | D:3      | Noticed Alfie's ghost (amateur HuHu)
  1492 | D:2      | Found an ancient bone altar of Kikubaaqudgha.
  1636 | D:2      | Found a shattered altar of Ashenzari.
  1750 | D:2      | Became a worshipper of Ashenzari the Shackled
  1975 | D:3      | Found a hazy altar of Hepliaklqana.
  2009 | D:3      | Reached XP level 5. HP: 34/34 MP: 5/5
  2016 | D:3      | Found a runed translucent door.
  2017 | D:3      | Noticed Crazy Yiuf
  2027 | D:3      | Killed Crazy Yiuf
  2311 | D:3      | Found a white marble altar of Elyvilon.
  2341 | D:3      | Reached skill level 9 in Stealth
  2425 | D:3      | Reached * piety under Ashenzari
  2707 | D:3      | Reached XP level 6. HP: 35/39 MP: 6/6
  3145 | D:4      | Upgraded the game from 0.25-a0-424-g80bd347ae0 to
                  | 0.25-a0-447-gff83419037
  3184 | D:4      | Noticed Grinder
  3189 | D:4      | Killed Grinder
  3189 | D:4      | Reached skill level 10 in Stealth
  3189 | D:4      | Reached XP level 7. HP: 45/45 MP: 7/7
  3270 | D:4      | Found an ornate altar of the Wu Jian Council.
  3846 | D:4      | Found a staircase to the Ecumenical Temple.
  4085 | D:4      | Found a shimmering blue altar of Sif Muna.
  4186 | D:5      | Entered Level 5 of the Dungeon
  4294 | D:5      | Reached skill level 11 in Stealth
  5440 | D:5      | Reached XP level 8. HP: 50/50 MP: 8/8
  5466 | D:5      | Reached skill level 12 in Stealth
  5641 | D:5      | Reached skill level 5 in Throwing
  5817 | D:5      | Reached ** piety under Ashenzari
  6100 | D:6      | Found a radiant altar of Vehumet.
  6316 | D:6      | Reached skill level 1 in Shields
  6661 | D:7      | Noticed Menkaure
  6714 | D:7      | Killed Menkaure
  6714 | D:7      | Reached skill level 13 in Stealth
  6718 | D:7      | Found a shadowy altar of Dithmenos.
  6855 | D:6      | Slain by an ice beast

Levels and vault maps discovered:
D:1:      minmay_arrival_wavy_path, layout_basic
D:2:      layout_loops_cross, lemuel_zombie_altar_kikubaaqudgha,
          lemuel_coloured_pillars_altar, chequers_ecumenical_altar_simple_redux,
          first_ration
D:3:      layout_loops_corners, elyvilon_altar_5, lemuel_doored_altar,
          gammafunk_ghost_cemetery, uniq_crazy_yiuf_cottage
D:4:      layout_basic, lemuel_blue_sif_altar, kennysheep_little_box,
          minmay_temple_entry_fiery, uniq_grinder
D:5:      layout_basic
D:6:      layout_basic, lemuel_crystal_altar
D:7:      minmay_the_grid_octo_2x2 [minmay_the_grid_octo_vomiting_pacman,
          minmay_the_grid_octo_empty, minmay_the_grid_octo_pinwheel,
          minmay_the_grid_octo_prize_square_snowflake], layout_cave_pools,
          nicolae_ru_sacrificial_ziggurat, grunt_dithmenos_smoke_and_mirrors,
          nicolae_ossuary_entry_false_entrances, uniq_menkaure

Skill      XL: |  1  2  3  4  5  6  7  8 |
---------------+-------------------------+-----
Stealth        | 6 8 9 10 11 13 | 13.3
Throwing       | 3 4 5 |  5.9
Shields        | 2 |  2.2
Fighting       | |  2.0
Short Blades   | |  2.0
Dodging        | |  1.0

Action                   |  1- 3 |  4- 6 |  7- 9 || total
-------------------------+-------+-------+-------++-------
Melee: Dagger            |    59 |    86 |   145 ||   290
       Constrict         |    15 |    15 |    29 ||    59
       Tentacles         |    11 |     8 |    28 ||    47
Throw: Dart              |       |    21 |       ||    21
       Boomerang         |       |       |     9 ||     9
Invok: Curse Item        |       |     1 |     1 ||     2
  Use: Scroll            |       |     3 |     5 ||     8
 Stab: Sleeping          |    11 |    17 |     7 ||    35
       Distracted        |     1 |       |       ||     1
       Invisible         |       |     1 |       ||     1
  Eat: Chunk             |     1 |     6 |     8 ||    15
       Ration            |       |       |     1 ||     1
Armor: Skin              |     7 |     1 |       ||     8
Dodge: Dodged            |    41 |    24 |    39 ||   104
Block: Large shield      |       |       |    16 ||    16

Table legend:
 A = Non-vault XP
 B = Vault XP
 C = Vault XP percentage of total XP
 D = Non-vault monster count
 E = Vault monster count
 F = Vault count percentage of total count
                 A         B        C        D         E       F
            +---------+---------+-------+---------+---------+-------
      Total |    1704 |     584 |  25.5 |     116 |       6 |   4.9
            +---------+---------+-------+---------+---------+-------
        D:1 |      54 |       0 |   0.0 |      28 |       0 |   0.0
        D:2 |      36 |       3 |   7.7 |      14 |       2 |  12.5
        D:3 |     255 |      42 |  14.1 |      29 |       1 |   3.3
        D:4 |     215 |     277 |  56.3 |      10 |       1 |   9.1
        D:5 |     714 |       0 |   0.0 |      23 |       0 |   0.0
        D:6 |     334 |       0 |   0.0 |       6 |       0 |   0.0
        D:7 |      96 |     262 |  73.2 |       6 |       2 |  25.0
            +---------+---------+-------+---------+---------+-------
